 Dungeon Sprint DCSS version 0.30.1-9-gdf580d7c3d (webtiles) character file.

Game seed: 6956104029346730047

1174 Heoruswealwe the Impaler (level 8, 0/82 HPs)
             Began as a Minotaur Fighter on Sept 29, 2023.
             Was an Initiate of Gozag.
             Incinerated by a deep elf pyromancer (4 damage)
             ... with a sticky flame
             ... in the Dungeon (Sprint IX: "|||||||||||||||||||||||||||||").
             The game lasted 00:02:58 (154 turns).

Heoruswealwe the Impaler (Minotaur Fighter)          Turns: 154, Time: 00:02:58

Health: 0/82       AC: 13    Str: 26    XL:     8   Next: 18%
Magic:  7/7        EV:  9    Int:  5    God:    Gozag
Gold:   864        SH:  0    Dex: 10    Spells: 7/7 levels left

rFire   . . .        b - +2 halberd (heavy)
rCold   . . .        (shield currently unavailable)
rNeg    . . .        c - +1 chain mail
rPois   .            (helmet restricted)
rElec   .            (no cloak)
rCorr   .            (no gloves)
SInv    .            (no boots)
Will    .....        (no amulet) Stlth
                     k - +3 ring of strength
HPRegen 0.33/turn    (no ring)
MPRegen 0.10/turn

%: no teleportation
@: on fire, glowing
A: horns 2, retaliatory headbutt
a: Renounce Religion, Potion Petition, Call Merchant, Bribe Branch


You were in the Dungeon.
You worshipped Gozag.
Gozag was pleased with you.
You visited 1 branch You collected 864 gold pieces.

Inventory:

Hand Weapons
 a - a +0 trident
 b - a +2 heavy halberd (weapon)
Armour
 c - a +1 chain mail (worn)
 d - a +0 buckler
Jewellery
 k - a +3 ring of strength (left hand)
Wands
 h - a wand of roots (10)
Scrolls
 j - 2 scrolls of blinking
Potions
 e - 5 potions of curing
 f - 2 potions of heal wounds
 g - a potion of haste
 i - a potion of berserk rage
 l - a potion of might


   Skills:
 + Level 11.4 Fighting
 * Level 15.2 Polearms
 + Level 11.4 Armour
 - Level 3.6 Shields


You had 7 spell levels left.
You didn't know any spells.
Your spell library was empty.

Dungeon Overview and Level Annotations

Branches:
Dungeon (1/1)

Altars:
Cheibriados
Dithmenos
Elyvilon
Fedhas
Gozag
Hepliaklqana
Kikubaaqudgha
Makhleb
Nemelex Xobeh
Okawaru
Qazlal
Ru
Sif Muna
Trog
Uskayaw
Vehumet
Wu Jian
Xom
Yredelemnul
Zin
The Shining One
Jiyva
Lugonu


Innate Abilities, Weirdness & Mutations

You have a pair of horns on your head.
You reflexively headbutt those who attack you in melee.


Message History

You stick the acid dragon like a pincushion!!!
You kill the acid dragon!
Your Polearms skill increases to level 15!
You now have 144 gold pieces.
You now have enough gold to petition Gozag for potion effects.
You now have enough gold to fund merchants seeking to open stores in the dungeon.
You now have 864 gold pieces (gained 720).
There is an open door to the Dungeon, spattered with blood here.
Items here: ))) [.
There is an open door to the Dungeon, spattered with blood here.
Items here: ))) [.
You open the door.
A death knight, a tengu conjurer, 2 centaur warriors, a kobold demonologist and a deep elf pyromancer come into view.
The centaur warrior shouts!
The death knight shouts!
The tengu conjurer shouts!
The centaur warrior shouts!
The deep elf pyromancer shouts!
The deep elf pyromancer mumbles some strange words.
You perforate the fire elemental like a sieve!!!
You destroy the fire elemental!
The fire elemental disappears in a puff of smoke!
The deep elf pyromancer points at you and mumbles some strange words.
The bolt of fire hits you!
* * * LOW HITPOINT WARNING * * *
The deep elf pyromancer casts a spell at you.
The sticky flame hits you.
You are covered in liquid flames!
* * * LOW HITPOINT WARNING * * *
The death knight offers itself to Yredelemnul, and fills with unholy energy.
There is an open door here.
You hit the deep elf pyromancer but do no damage.
You are covered in liquid flames!
* * * LOW HITPOINT WARNING * * *
The deep elf pyromancer hits you with a +0 long sword.
* * * LOW HITPOINT WARNING * * *
The kobold demonologist casts a spell.
You closely miss the deep elf pyromancer.
You headbutt the deep elf pyromancer.
The deep elf pyromancer is lightly wounded.
You are covered in liquid flames!
You die...
Your body crumbles into a pile of gold. ▓▓▓▓▓▓▓▓▓▓▓▓▓▓▓▓▓▓▓▓▓▓▓▓ +cpQcKe@......)...=[[)?! ▓▓▓▓▓▓▓▓▓▓▓▓▓▓▓▓▓▓▓▓▓▓▓▓ $ $$$$$ $ $ $ $$$$

You could see a death knight (reflects damage), 2 centaur warriors, a deep elf pyromancer, a kobold demonologist and a tengu conjurer.

Vanquished Creatures
  A two-headed ogre (D)
  2 yaks (D)
  2 acid dragons (D)
  A sleepcap (D)
  An orc wizard (D)
  2 adders (D)
  2 orcs (D)
  A bat (D)
  A giant cockroach (D)
  A goblin (D)
  A hobgoblin (D)
  A kobold (D)
16 creatures vanquished.

Notes
Turn   | Place    | Note
-------+----------+-------------------------------------------
     0 | D        | Heoruswealwe the Minotaur Fighter began the quest for the
                  | Orb.
     0 | D        | Reached XP level 1. HP: 19/19 MP: 0/0
     6 | D        | Reached skill level 3 in Polearms
    18 | D        | Noticed a sleepcap
    24 | D        | Reached skill level 4 in Polearms
    24 | D        | Reached XP level 2. HP: 28/28 MP: 1/1
    30 | D        | Reached skill level 5 in Fighting
    30 | D        | Reached skill level 5 in Polearms
    30 | D        | Reached skill level 5 in Armour
    36 | D        | Reached skill level 6 in Polearms
    36 | D        | Reached XP level 3. HP: 21/36 MP: 2/2
    47 | D        | Found a snail-covered altar of Cheibriados.
    47 | D        | Found a shadowy altar of Dithmenos.
    47 | D        | Found a white marble altar of Elyvilon.
    47 | D        | Found a blossoming altar of Fedhas.
    47 | D        | Found an opulent altar of Gozag.
    48 | D        | Found a hazy altar of Hepliaklqana.
    49 | D        | Found a viscous altar of Jiyva.
    50 | D        | Found an ancient bone altar of Kikubaaqudgha.
    51 | D        | Found a corrupted altar of Lugonu.
    52 | D        | Found a burning altar of Makhleb.
    53 | D        | Found a sparkling altar of Nemelex Xobeh.
    54 | D        | Found an iron altar of Okawaru.
    55 | D        | Became a worshipper of Gozag Ym Sagoz the Greedy
    56 | D        | Found a stormy altar of Qazlal.
    57 | D        | Found a sacrificial altar of Ru.
    58 | D        | Found a shimmering blue altar of Sif Muna.
    59 | D        | Found a bloodstained altar of Trog.
    60 | D        | Found a hide-covered altar of Uskayaw.
    61 | D        | Found a radiant altar of Vehumet.
    62 | D        | Found an ornate altar of the Wu Jian Council.
    63 | D        | Found a shimmering altar of Xom.
    64 | D        | Found a basalt altar of Yredelemnul.
    65 | D        | Found a glowing silver altar of Zin.
    66 | D        | Found a glowing golden altar of the Shining One.
   115 | D        | Noticed an acid dragon
   115 | D        | Noticed a yak
   115 | D        | Noticed a yak
   115 | D        | Noticed an acid dragon
   115 | D        | Noticed a two-headed ogre
   119 | D        | Killed a two-headed ogre
   120 | D        | Reached skill level 10 in Fighting
   120 | D        | Reached skill level 13 in Polearms
   120 | D        | Reached skill level 10 in Armour
   120 | D        | Reached XP level 4. HP: 12/51 MP: 3/3
   120 | D        | Reached XP level 5. HP: 14/58 MP: 4/4
   120 | D        | Reached XP level 6. HP: 16/66 MP: 5/5
   120 | D        | Reached XP level 7. HP: 18/72 MP: 6/6
   124 | D        | Killed a yak
   125 | D        | Reached skill level 14 in Polearms
   127 | D        | Killed a yak
   128 | D        | Reached XP level 8. HP: 22/82 MP: 7/7
   138 | D        | Reached skill level 15 in Polearms
   150 | D        | Noticed a centaur warrior
   150 | D        | Noticed a death knight
   150 | D        | Noticed a tengu conjurer
   150 | D        | Noticed a centaur warrior
   150 | D        | Noticed a kobold demonologist
   150 | D        | Noticed a deep elf pyromancer
   153 | D        | HP: 4/82 [deep elf pyromancer/+0 long sword (5)]
   154 | D        | Incinerated by a deep elf pyromancer

Illustrated notes

Levels and vault maps discovered:
D:        linesprint [early_d, line_temple, items_1, d_10, items_2, lair_1,
          lair_end, items_3, orc_1, orc_end, items_4, d_15, swamp_1, shoals_1,
          snake_1, spider_1, d_20, vaults_1, items_5, swamp_end, shoals_end,
          snake_end, spider_end, vaults_end, d_27, items_6, zot_1, zot_end,
          crypt_end, forest_end, elf_end, slime_end, tomb_end, abyss_end,
          pan_hell_end]

Skill      XL: |  1  2  3  4  5  6  7  8 |
---------------+-------------------------+-----
Polearms       | 4 6 13 14 15 | 15.2
Fighting       | 4 5 10 11 | 11.4
Armour         | 4 5 10 11 | 11.4
Shields        | |  3.6

Action                     |  1- 3 |  4- 6 |  7- 9 || total
---------------------------+-------+-------+-------++-------
  Melee: Trident           |    24 |       |       ||    24
         Headbutt          |     5 |       |     3 ||     8
         Halberd           |     4 |       |    20 ||    24
    Use: Potion            |     1 |       |       ||     1
 Armour: Scale mail        |    12 |       |       ||    12
         Chain mail        |       |       |     7 ||     7
  Dodge: Dodged            |    12 |       |     3 ||    15
  Block: Buckler           |     4 |       |       ||     4
